 Dungeon Crawl Stone Soup version 0.31.0-11-ge490571c62 (webtiles) character file.

Game seed: 4133430872528273242

57 qw the Shooter (level 3, 0/18 HPs)
             Began as a Spriggan Hunter on Feb 3, 2024.
             Slain by Natasha (5 damage)
             ... on level 2 of the Dungeon.
             The game lasted 00:00:04 (1372 turns).

qw the Shooter (Spriggan Hunter)                    Turns: 1372, Time: 00:00:05

Health: 0/18       AC:  2    Str:  7    XL:     3   Next: 73%
Magic:  4/4        EV: 19    Int: 10    God:
Gold:   162        SH:  0    Dex: 20    Spells: 2/2 levels left

rFire   . . .        a - +0 shortbow
rCold   . . .        (shield currently unavailable)
rNeg    . . .        c - +0 robe
rPois   .            (helmet restricted)
rElec   .            (no cloak)
rCorr   +            (gloves unavailable)
SInv    +            (boots unavailable)
Will    .....        f - amulet of regeneration
Stlth   ++           g - ring of resist corrosion
HPRegen 1.03/turn    (no ring)
MPRegen 0.09/turn

%: no passive effects
@: very quick
A: very small, no large weapons, unfitting armour, see invisible, speed 3
a: no special abilities


You were on level 2 of the Dungeon.
You visited 1 branch of the dungeon, and saw 2 of its levels.

You collected 162 gold pieces.


Innate Abilities, Weirdness & Mutations

You are very small and have problems with some larger weapons.
You are too small for most types of armour.
You have supernaturally acute eyesight. (SInv)
You cover ground extremely quickly. (Speed+++)


   Skills:
 - Level 1.5 Fighting
 + Level 4.9 Ranged Weapons
 - Level 4.0 Dodging
 - Level 1.5 Stealth


You had 2 spell levels left.
You didn't know any spells.
Your spell library was empty.

Inventory:

Hand Weapons
 a - a +0 shortbow (weapon)
Armour
 c - a +0 robe (worn)
Jewellery
 b - an amulet of magic regeneration
 f - an amulet of regeneration (around neck)
 g - a ring of resist corrosion (left hand)
Scrolls
 d - a scroll of blinking {unknown}
 h - a scroll of teleportation {unknown}
Potions
 e - a potion of curing
 i - a potion of attraction {unknown}

Dungeon Overview and Level Annotations

Branches:
Dungeon (2/15)

Altars:

Shops:
D:1 [

Annotations:
D:2 Natasha


Message History

You shoot an arrow. The arrow closely misses the quokka.
The quokka misses you.
You shoot an arrow. The arrow misses the quokka.
The quokka misses you.
You shoot an arrow. The arrow hits the quokka!
You kill the quokka!
There is an open door here.
You see here a quokka corpse.
A kobold comes into view. It is wielding a +0 short sword.
You shoot an arrow. The arrow hits the kobold.
You kill the kobold!
i - a fuming purple potion A rat comes into view.
The rat squeaks loudly.
You shoot an arrow. The arrow hits the rat.
You kill the rat!
Natasha, Servant of Life and Death comes into view.
Natasha hisses angrily.
You shoot an arrow. The arrow barely misses Natasha.
You shoot an arrow. The arrow hits Natasha.
Natasha is lightly wounded.
Natasha mumbles some strange words.
You shoot an arrow.
The arrow barely misses the cerulean imp.
You shoot an arrow.
The arrow barely misses the cerulean imp.
Natasha stares at you and mumbles some strange words.
The magic dart hits you.
You shoot an arrow. The arrow hits the cerulean imp.
The cerulean imp is moderately wounded.
The cerulean imp hits you from afar with a +1 spear.
The cerulean imp closely misses you.
You shoot an arrow.
The arrow closely misses the cerulean imp.
The cerulean imp hits you from afar with a +1 spear.
You shoot an arrow. The arrow hits Natasha.
Natasha is moderately wounded.
Natasha claws you. The cerulean imp completely misses you. Natasha claws you.
You die...
Natasha begins licking her fur clean.

.###....##.###......
.....###....##.# #.#....
............##.# #....
............##+### #....
....#####.......# #...#
#.....##.......#.#####
#.#.....##.......#......
........######%##.......
.....5h@.........#......
.......#.........#.#...#
.......#.........# #...#
.............#.#.# #...#
.............#.#.# +....
.............+.... #...#
.............#.#...%....
....###.....)#.#.#######
.. #......# #


You could see Natasha and a cerulean imp (summoned).

Vanquished Creatures
  An adder (D:2)
  2 dart slugs
  3 ball pythons (D:2)
  An endoplasm (D:1)
  4 giant cockroaches
  A goblin (D:2)
  5 hobgoblins
  3 jackals (D:1)
  3 kobolds
  4 quokkas
  4 bats
  3 frilled lizards
  4 rats
38 creatures vanquished.

Notes
Turn   | Place    | Note
-------+----------+-------------------------------------------
     0 | D:1      | qw the Spriggan Hunter began the quest for the Orb.
     0 | D:1      | Reached XP level 1. HP: 10/10 MP: 2/2
     0 | D:1      | 0 ||| qw: Version: 0.3-a-158-g18b3111
     0 | D:1      | 0 ||| qw: Game counter: 4222
     0 | D:1      | 0 ||| qw: Melee chars always use a shield: true
     0 | D:1      | 0 ||| qw: God list: Okawaru
     0 | D:1      | 0 ||| qw: Allow faded altars: false
     0 | D:1      | 0 ||| qw: Do Orc after clearing Dungeon:15 true
     0 | D:1      | 0 ||| qw: Do second Lair branch before Depths: true
     0 | D:1      | 0 ||| qw: Lair rune preference: random
     0 | D:1      | 0 ||| qw: Goals: Normal
     0 | D:1      | 0 ||| PLANNING D:1-11
    46 | D:1      | Reached skill level 3 in Dodging
    89 | D:1      | Reached XP level 2. HP: 9/14 MP: 3/3
   630 | D:1      | Found Foemuifa's Armour Shoppe.
   640 | D:1      | 640 ||| SHOPLISTING +2 robe (139 gold, have 77).
   979 | D:1      | 979 ||| UPGRADING to amulet of regeneration.
   984 | D:1      | 984 ||| UPGRADING to ring of resist corrosion.
   985 | D:1      | 985 ||| READING 2 scrolls labelled DUIL VUFIEJOORR.
   985 | D:1      | 985 ||| IDENTIFYING golden potion
   986 | D:1      | 986 ||| READING scroll of identify.
   986 | D:1      | 986 ||| IDENTIFYING metallic brown potion
   987 | D:1      | 987 ||| DROPPING scroll of butterflies.
   988 | D:1      | 988 ||| DROPPING potion of brilliance.
  1042 | D:2      | 1042 ||| STAIRDANCE
  1149 | D:2      | Reached XP level 3. HP: 14/18 MP: 4/4
  1151 | D:2      | 1151 ||| FLEEEEING.
  1365 | D:2      | Noticed Natasha
  1372 | D:2      | Slain by Natasha

Levels and vault maps discovered:
D:1:      dpeg_arrival_yet_another_circle, layout_basic, serial_shops,
          nicolae_lakefront_shop, minivault_5
D:2:      layout_basic, kennysheep_generic_room_5, uniq_terence, uniq_jessica,
          uniq_natasha

Skill      XL: |  1  2 |
---------------+-------+-----
Dodging        | 3 4 |  4.0
Fighting       | |  1.5
Ranged Weapons | |  4.9
Stealth        | |  1.5

Action                     || total
---------------------------++-------
   Fire: Shortbow          ||   101
    Use: Scroll            ||     2
 Armour: Robe              ||    20
  Dodge: Dodged            ||    53

Table legend:
 A = Non-vault XP
 B = Vault XP
 C = Vault XP percentage of total XP
 D = Non-vault monster count
 E = Vault monster count
 F = Vault count percentage of total count
                 A         B        C        D         E       F
            +---------+---------+-------+---------+---------+-------
      Total |      67 |      15 |  18.3 |      36 |       2 |   5.3
            +---------+---------+-------+---------+---------+-------
        D:1 |      35 |       0 |   0.0 |      19 |       0 |   0.0
        D:2 |      32 |      15 |  31.9 |      17 |       2 |  10.5
            +---------+---------+-------+---------+---------+-------
